 Dungeon Crawl Stone Soup version 0.28.0-45-g0d030f2227 (webtiles) character file.

Game seed: 10047968263450844252

49 Hrothgar the Sneak (level 3, -1/15 HPs)
             Began as a Felid Air Elementalist on Apr 16, 2022.
             Was a Follower of Okawaru.
             Succumbed to an adder's poison
             ... on level 2 of the Dungeon.
             The game lasted 00:07:34 (1700 turns).

Hrothgar the Sneak (Felid Air Elementalist)         Turns: 1700, Time: 00:07:34

Health: -1/15      AC:  1    Str:  6    XL:     3   Next: 51%
Magic:  1/7        EV: 17    Int: 16    God:    Okawaru [*.....]
Gold:   12         SH:  0    Dex: 16    Spells: 3/6 levels left
                                        Lives:  0   Deaths: 0

rFire   . . .      SeeInvis +   (weapon unavailable)
rCold   . . .      Faith    .   (shield unavailable)
rNeg    . . .      Spirit   .   (armour unavailable)
rPois   .          Reflect  .   (helmet unavailable)
rElec   .          Harm     .   (cloak unavailable)
rCorr   .          Rampage  .   (gloves unavailable)
Will    .....                   (boots unavailable)
Stlth   ++........              (no amulet)
HPRegen 0.05/turn               (no ring)
MPRegen 0.10/turn               (no ring)

@: lethally poisoned (-1 -> -9), quick
A: very small, claws 1, fangs 3, see invisible, speed 1, shaggy fur 1, stealthy
paws, no weapons or thrown items, no armour, multi-lived
a: Renounce Religion, Heroism


You were on level 2 of the Dungeon.
You worshipped Okawaru.
Okawaru was aware of your devotion.
You visited 1 branch of the dungeon, and saw 2 of its levels.

You collected 12 gold pieces.

Inventory:

Scrolls
 a - a scroll of identify {unknown}


   Skills:
 * Level 0.9 Fighting
 * Level 2.8 Dodging
 * Level 3.2 Stealth
 * Level 0.8 Unarmed Combat
 * Level 2.4 Spellcasting
 * Level 1.2 Conjurations
 * Level 3.1 Air Magic


You had 3 spell levels left.
You knew the following spells:

 Your Spells              Type           Power      Damage    Failure   Level
a - Shock                 Conj/Air       32%        1d5       9%          1
b - Static Discharge      Conj/Air       8%         N/A       12%         2

Your spell library contained the following spells:

 Spells                   Type           Power      Damage    Failure   Level
 Swiftness                Air            11%        N/A       17%         3
 Airstrike                Air            5%         N/A       50%         4


Dungeon Overview and Level Annotations

Branches:
Dungeon (2/15)

Altars:
Okawaru


Innate Abilities, Weirdness & Mutations

You have sharp claws.
You have razor-sharp teeth.
You have supernaturally acute eyesight. (SInv)
You cover ground quickly. (Speed+)
You are covered in fur. (AC +1)
Your paws help you pounce on unaware monsters.
You are incapable of wielding weapons or throwing items.
You cannot wear armour.
You gain extra lives every three experience levels.


Message History

Casting: Static Discharge (safe; 12% risk of failure)
Press: ? - help, Q - select action, (/) - cycle Dir - look around, f - activate The goblin is struck by an arc of lightning.
You kill the goblin!
Okawaru accepts your kill.
The lightning grounds out.
Things that are here:
a +0 dagger; a goblin corpse A kobold comes into view.
It is wielding a +0 short sword.
An adder comes into view.
Casting: Static Discharge (safe; 12% risk of failure)
Press: ? - help, Q - select action, (/) - cycle Dir - look around, f - activate The adder is struck by an arc of lightning!
The adder is severely wounded.
The lightning grounds out.
The adder bites you.
You are poisoned.
The adder poisons you! The adder bites you.
You are lethally poisoned!
The adder poisons you!
You don't have enough magic to cast this spell.
You swing at nothing.
You feel very sick. The adder closely misses you.
Casting: Static Discharge (safe; 12% risk of failure)
Confirm with . or Enter, or press ? or * to list all spells.
Aiming: Shock (safe; 9% risk of failure)
Press: ? - help, Shift-Dir - straight line The zap hits the adder.
The adder is almost dead.
The zap hits the adder.
You kill the adder!
Okawaru accepts your kill.
* * * LOW HITPOINT WARNING * * *
You feel very sick.
* * * LOW HITPOINT WARNING * * *
You feel sick.
You aren't carrying any potions.
You aren't carrying any potions.
You die...

#### ####..####### #.
...........# ####### #..
........##.######..... ##..
#.....##..........#
#...####.............#...#
.........(..)#######.....###
...<....†.......@..†.......#
#...........########....###
#..........(# #....#
#......#.#### #.....#
##.....>#.# #..#...#
.....####.# #.##K..# ###..#
#.# #. #.### #..# #.# #. #.#
##.# #.# #.#


There were no monsters in sight!

Vanquished Creatures
  2 adders
  A dart slug (D:1)
  An orc (D:2)
  An endoplasm (D:1)
  4 goblins
  3 hobgoblins (D:1)
  2 ball pythons (D:1)
  3 bats
  A frilled lizard (D:1)
  5 kobolds (D:1)
  6 rats
29 creatures vanquished.

Notes
Turn   | Place    | Note
-------+----------+-------------------------------------------
     0 | D:1      | Hrothgar the Felid Air Elementalist began the quest for the
                  | Orb.
     0 | D:1      | Reached XP level 1. HP: 7/7 MP: 4/4
   256 | D:1      | Reached skill level 1 in Conjurations
   293 | D:1      | Reached XP level 2. HP: 8/11 MP: 0/6
   355 | D:1      | Learned a level 2 spell: Static Discharge
   953 | D:1      | Found a faded altar of an unknown god.
   970 | D:1      | Prayed at the altar of an unknown god.
   970 | D:1      | Became a worshipper of Warmaster Okawaru
   970 | D:1      | Reached * piety under Okawaru
  1418 | D:1      | Reached XP level 3. HP: 5/15 MP: 1/7
  1700 | D:2      | Succumbed to an adder's poison

Illustrated notes

Levels and vault maps discovered:
D:1:      onia_arrival_pentagram, layout_basic, shapermc_ecumenical_altar_venn
D:2:      layout_rooms, serial_shops, nicolae_shop_trees, lemuel_old_faithful

Skill      XL: |  1  2 |
---------------+-------+-----
Conjurations   | 1 |  1.2
Air Magic      | 3 |  3.1
Stealth        | 3 |  3.2
Fighting       | |  0.9
Dodging        | |  2.8
Unarmed Combat | |  0.8
Spellcasting   | |  2.4

Action                   || total
-------------------------++-------
Melee: Unarmed           ||    25
       Bite              ||     2
       Punch             ||     1
 Cast: Shock             ||    25
       Static Discharge  ||    17
  Use: Potion            ||     2
       Scroll            ||     1
 Stab: Sleeping          ||     3
Armor: Skin              ||     2
Dodge: Dodged            ||    48
